 Dungeon Crawl Stone Soup version 0.30-a0-1050-g2766ea1e55 (console) character file.

Game seed: 13978052715401161236

57524 Kenran the Brawler (level 14, -1/132 HPs)
             Began as a Minotaur Fighter on Apr 10, 2023.
             Was the Champion of Okawaru.
             Splashed by a brown ugly thing's acid (9 damage)
             ... on level 5 of the Lair of Beasts.
             The game lasted 00:50:56 (18372 turns).

Kenran the Brawler (Minotaur Fighter)              Turns: 18372, Time: 00:50:56

Health: -1/132     AC: 16    Str: 23    XL:     14   Next: 46%
Magic:  21/21      EV:  8    Int:  5    God:    Okawaru [******]
Gold:   1006       SH:  8    Dex: 17    Spells: 13/13 levels left

rFire   . . .      SeeInvis +      - Unarmed
rCold   . . .      Faith    .    b - +0 buckler
rNeg    . . .      Spirit   .    j - +0 plate armour
rPois   +          Reflect  .    (helmet unavailable)
rElec   .          Rampage  .    w - +0 cloak
rCorr   .                        x - +1 pair of gloves of Inference {Dex+4}
Will    +....                    v - +2 pair of boots Stlth
                                 (no amulet)
HPRegen 0.42/turn                q - ring of see invisible
MPRegen 0.17/turn                (no ring)

@: about to teleport, corroded, studying Shields
A: horns 3, retaliatory headbutt, talons 1, poison resistance, MP-powered wands
a: Renounce Religion, Heroism, Finesse, Duel


You were on level 5 of the Lair of Beasts.
You worshipped Okawaru.
Okawaru was exalted by your worship.
You visited 3 branches of the dungeon, and saw 16 of its levels.
You visited the Abyss 1 time.
You also visited: Sewer and Bailey.

You collected 1141 gold pieces.
You spent 135 gold pieces at shops.

Inventory:

Armour
 b - a +0 buckler (worn)
 j - a +0 plate armour (worn)
 v - a +2 pair of boots (worn)
 w - a +0 cloak (worn)
 x - the +1 pair of gloves of Inference (worn) {Dex+4}
   (You found it on level 6 of the Dungeon)

   Dex:       It affects your dexterity (+4).
Jewellery
 q - a ring of see invisible (left hand)
 u - a ring of flight
Wands
 f - a wand of light (13)
 r - a wand of roots (16)
 B - a wand of mindburst (20)
 F - a wand of flame (4)
 J - a wand of polymorph (1)
Scrolls
 c - 2 scrolls of enchant weapon
 d - a scroll of enchant armour
 e - 5 scrolls of fog
 g - 4 scrolls of magic mapping
 i - 11 scrolls of teleportation
 k - a scroll of silence
 o - 2 scrolls of acquirement {unknown}
 s - 4 scrolls of vulnerability {!r}
 y - 3 scrolls of blinking {unknown}
 A - 5 scrolls of immolation {!r}
 C - a scroll of noise {unknown}
 D - a scroll of poison
 E - 2 scrolls of butterflies {unknown}
 H - a scroll of amnesia {unknown}
Potions
 a - a potion of flight
 m - 3 potions of mutation {!q}
 n - a potion of cancellation
 p - a potion of attraction {unknown}
 t - 2 potions of brilliance
 G - 2 potions of haste
 I - a potion of degeneration {unknown}
 K - a potion of ambrosia


   Skills:
 + Level 14.2 Fighting
 + Level 14.2 Armour
 - Level 2.0 Dodging
 + Level 13.4 Shields
 + Level 15.8 Unarmed Combat
 - Level 11.0 Invocations
 - Level 4.0 Evocations


You had 13 spell levels left.
You didn't know any spells.
Your spell library contained the following spells:

 Spells                   Type           Power      Damage    Failure   Level
 Kiss of Death            Conj/Necr      0%         2d5       99%         1
 Magic Dart               Conj           0%         1d3       99%         1
 Slow                     Hex            0%         N/A       99%         1
 Sting                    Tmut/Pois      0%         1d3       99%         1
 Blink                    Tloc           0%         N/A       100%        2
 Cigotuvi's Dreadful Rot  Necr/Pois/Air  0%         N/A       100%        2
 Poisonous Vapours        Pois/Air       0%         N/A       100%        2
 Searing Ray              Conj           0%         2d4       100%        2
 Confusing Touch          Hex            0%         N/A       100%        3
 Frozen Ramparts          Ice            0%         1d1       100%        3
 Ignite Poison            Fire/Tmut/Pois 0%         N/A       100%        3
 Mephitic Cloud           Conj/Pois/Air  0%         N/A       100%        3
 Portal Projectile        Hex/Tloc       0%         N/A       100%        3
 Vampiric Draining        Necr           0%         2d6       100%        3
 Dispel Undead            Necr           0%         3d6       100%        4
 Fulminant Prism          Conj/Hex       0%         3d5       100%        4
 Ice Form                 Ice/Tmut       0%         N/A       100%        4
 Leda's Liquefaction      Hex/Erth       0%         N/A       100%        4
 Manifold Assault         Tloc           0%         N/A       100%        4
 Olgreb's Toxic Radiance  Pois           0%         N/A       100%        4
 Borgnjor's Vile Clutch   Necr/Erth      0%         N/A       100%        5
 Freezing Cloud           Conj/Ice/Air   0%         6-21      100%        5
 Storm Form               Tmut/Air       0%         N/A       100%        7
 Maxwell's Capacitive Co  Air            0%         ∞         100%        8
 Call Canine Familiar     Summ           Unusable   N/A       N/A         3
 Animate Dead             Necr           Unusable   N/A       N/A         4
 Summon Ice Beast         Ice/Summ       Unusable   N/A       N/A         4
 Summon Lightning Spire   Summ/Air       Unusable   N/A       N/A         4
 Death Channel            Necr           Unusable   N/A       N/A         6

Dungeon Overview and Level Annotations

Branches:
Dungeon (10/15)            Temple (1/1) D:4            Lair (5/5) D:9
  Swamp (0/4) Lair:3        Snake (0/4) Lair:2        Slime (0/5) Lair:4
    Orc (0/2) D:10          Sewer (visited)          Bailey (visited)

Altars:
Ashenzari
Cheibriados
Dithmenos
Elyvilon
Fedhas
Gozag
Hepliaklqana
Kikubaaqudgha
Makhleb
Nemelex Xobeh
Okawaru
Qazlal
Ru
Sif Muna
Uskayaw
Vehumet
Wu Jian
Xom
Yredelemnul
The Shining One
Jiyva

Shops:
D:3 [   D:5 [

Annotations:
Lair:5 2 transporters, Querens's ghost, journeyman FoFi


Innate Abilities, Weirdness & Mutations

You have a pair of large horns on your head.
You reflexively headbutt those who attack you in melee.
You have sharp toenails.
Your system is resistant to poisons. (rPois)
You expend magic power (3 MP) to strengthen your wands.


Message History

You barely miss the brown ugly thing.
The brown ugly thing is heavily wounded.
The white ugly thing basks in the mutagenic energy from its kin and changes!
The brown ugly thing closely misses you.
You pummel the brown ugly thing!!
The brown ugly thing is severely wounded.
A rime drake comes into view.
The brown ugly thing tail-slaps you.
You are splashed with acid.
You hit the brown ugly thing. You headbutt the brown ugly thing.
The brown ugly thing is almost dead.
The brown ugly thing punches you but does no damage.
The white ugly thing basks in the mutagenic energy from its kin and changes!
The brown ugly thing tail-slaps you. The acid corrodes you!
You are splashed with acid.
You barely miss the brown ugly thing.
Your headbutt misses the brown ugly thing.
The brown ugly thing is almost dead.
The brown ugly thing barely misses you. The smoke demon gestures at you.
Something smites you!
The brown ugly thing pecks you but does no damage.
You barely miss the brown ugly thing.
You headbutt the brown ugly thing, but do no damage.
The brown ugly thing is almost dead.
The brown ugly thing tail-slaps you.
You are splashed with acid!
* * * LOW HITPOINT WARNING * * *
The smoke demon gestures at you. Something smites you!
* * * LOW HITPOINT WARNING * * *
The brown ugly thing punches you but does no damage.
The brown ugly thing pecks you but does no damage.
The brown ugly thing basks in the mutagenic energy from its kin and changes!
The brown ugly thing punches you!
* * * LOW HITPOINT WARNING * * *
You are splashed with acid!
* * * LOW HITPOINT WARNING * * *
As you read the scroll of teleportation, it crumbles to dust.
You feel strangely unstable. The brown ugly thing punches you.
* * * LOW HITPOINT WARNING * * *
The acid corrodes you!
You are splashed with acid!
You die...

##....## ##....... #.#...#
#....... ###..####
##....... #♣...#.#
##.#...†..
♣......#####.#.#..<..
♣♣.....##...###...... ♣♣♣
♣.♣..........##..#.. ♣.♣
♣♣♣♣♣♣♣♣.........#.. ♣♣.♣
♣♣♣♣ ♣♣........... ♣..♣
♣♣..♣♣♣♣♣♣♣..#....PP
♣..♣♣♣..@u♣.♣♣♣♣..###...#
♣♣...♣..♣♣uu3..♣♣...#.....
♣.......♣♣♣u...♣♣♣♣###....
♣...♣..♣♣ ♣♣♣..♣ #....
♣♣.♣♣♣.♣ ♣.♣ ♣♣#.... ♣♣.♣
..♣♣ ... ♣...... ♣..♣♣...♣
♣.♣ ♣♣....# ♣.♣♣♣♣..♣♣ ..♣
♣....# ♣.♣♣ ♣♣.. .♣ ♣#...#
♣.§♣♣♣♣.♣♣ ♣P..##
♣|..♣♣..♣ ♣##..#.


You could see 4 ugly things and a smoke demon.

Vanquished Creatures
  2 tentacled starspawn (Abyss:2)
  A draconian shifter (Abyss:2)
  A hydra (Lair:5)
  Erica (D:8)
  4 death yaks (Lair:5)
  3 thrashing horrors (Lair:5)
  A fire crab (Lair:5)
  A skyshark (Lair:3)
  2 wretched stars (Abyss:2)
  Pikel (D:9)
  2 orc knights (Bailey)
  A will-o-the-wisp (Lair:3)
  A worldbinder (Abyss:2)
  A manticore (Lair:4)
  An ugly thing (Lair:5)
  Maurice (D:8)
  14 elephants
  Joseph (D:7)
  3 black mambas
  An orange demon (Abyss:2)
  A torpor snail (Lair:1)
  Maggie (D:7)
  2 smoke demons
  9 cane toads
  Psyche (D:9)
  An efreet (Abyss:2)
  4 rime drakes
  4 komodo dragons
  2 ancient zymes
  2 trolls
  Prince Ribbit (D:8)
  18 blink frogs
  4 raiju (Abyss:2)
  A spriggan (Lair:5)
  11 wyverns
  2 ynoxinuls (Lair:5)
  11 basilisks
  54 yaks
  2 chaos spawn
  2 steam dragons
  Menkaure (D:7)
  3 nagas (Lair:2)
  2 acid dragons
  4 large abominations (Abyss:2)
  9 water moccasins
  Pargi (Sewer)
  14 orc warriors
  6 black bears
  3 centaurs
  5 ice beasts
  3 wolves (D:9)
  3 ogres
  A centaur (shapeshifter) (Lair:5)
  A phantom (D:5)
  A lemure (D:9)
  6 kobold brigands
  2 scorpions
  4 gnoll sergeants (D:10)
  10 small abominations (Lair:5)
  7 bullfrogs
  12 wights
  10 killer bees
  3 howler monkeys
  6 electric eels (D:9)
  6 hounds
  3 jellies
  8 orc priests
  A gnoll bouda (D:6)
  A starcursed mass (Abyss:2)
  A sleepcap (D:6)
  Jessica (D:2)
  2 iguanas
  7 orc wizards
  Natasha (thrice) (D:2)
  11 hell rats (Lair:4)
  Robin (D:2)
  7 gnolls
  9 adders
  2 shadow imps (D:7)
  4 white imps
  An ufetubus (D:7)
  2 worms (D:2)
  6 dart slugs
  35 orcs
  13 ball pythons
  12 endoplasms
  7 giant cockroaches
  14 goblins
  8 hobgoblins
  3 jackals (D:4)
  16 kobolds
  6 quokkas
  4 bats
  5 frilled lizards
  6 rats
  A starspawn tentacle (Abyss:2)
499 creatures vanquished.

Vanquished Creatures (others)
  A small abomination (Abyss:2)
  6 killer bees
  A white imp (Abyss:2)
  2 foxfires (Lair:3)
  11 fungi
  44 plants
  8 starspawn tentacles (Abyss:2)
73 creatures vanquished.

Grand Total: 572 creatures vanquished

Notes
Turn   | Place    | Note
-------+----------+-------------------------------------------
     0 | D:1      | Kenran the Minotaur Fighter began the quest for the Orb.
     0 | D:1      | Reached XP level 1. HP: 19/19 MP: 0/0
   225 | D:1      | Reached XP level 2. HP: 23/27 MP: 1/1
   691 | D:2      | Reached XP level 3. HP: 30/33 MP: 2/2
   697 | D:2      | Reached skill level 3 in Unarmed Combat
   741 | D:2      | Found a broken altar of Ashenzari.
   839 | D:2      | Noticed Jessica
   845 | D:2      | Killed Jessica
   849 | D:2      | Reached XP level 4. HP: 28/40 MP: 3/3
   871 | D:2      | Noticed Natasha
   877 | D:2      | Killed Natasha
   970 | D:2      | Noticed Natasha
   977 | D:2      | Killed Natasha
  1006 | D:2      | Noticed Natasha
  1014 | D:2      | Killed Natasha
  1015 | D:2      | Reached skill level 4 in Unarmed Combat
  1015 | D:2      | Reached XP level 5. HP: 40/47 MP: 4/4
  1216 | D:2      | Noticed Robin
  1259 | D:2      | Killed Robin
  1807 | D:3      | Found Omuall Pune's Antique Armour Shoppe.
  2279 | D:4      | Reached XP level 6. HP: 29/55 MP: 5/5
  2420 | D:4      | Reached skill level 5 in Shields
  2545 | D:4      | Found a staircase to the Ecumenical Temple.
  2555 | Temple   | Entered the Ecumenical Temple
  2618 | Temple   | Became a worshipper of Warmaster Okawaru
  2935 | D:5      | Entered Level 5 of the Dungeon
  2953 | D:5      | Reached skill level 5 in Fighting
  2953 | D:5      | Reached skill level 5 in Armour
  2953 | D:5      | Reached skill level 5 in Unarmed Combat
  3101 | D:5      | Reached skill level 6 in Unarmed Combat
  3162 | D:5      | Reached * piety under Okawaru
  3163 | D:5      | Reached XP level 7. HP: 53/61 MP: 6/6
  3395 | D:5      | Found Gaiptuast's Antique Armour Boutique.
  3398 | D:5      | Bought a cloak for 135 gold pieces
  3523 | D:6      | Reached skill level 7 in Unarmed Combat
  3625 | D:6      | Identified the +1 pair of gloves of Inference {Dex+4}
  3650 | D:6      | Found a glowing drain.
  3669 | Sewer    | Entered a sewer
  3749 | Sewer    | Noticed Pargi
  3761 | Sewer    | Killed Pargi
  3762 | Sewer    | Reached skill level 8 in Unarmed Combat
  3899 | D:6      | Reached XP level 8. HP: 69/69 MP: 7/7
  3905 | D:6      | Reached ** piety under Okawaru
  3912 | D:6      | Reached skill level 1 in Invocations
  4505 | D:7      | Reached skill level 9 in Unarmed Combat
  4520 | D:7      | Found a shimmering altar of Xom.
  4528 | D:7      | Reached *** piety under Okawaru
  4532 | D:7      | Reached XP level 9. HP: 38/79 MP: 11/11
  4577 | D:7      | Found a flagged portal.
  4707 | Bailey   | Entered a bailey
  4732 | Bailey   | Gained mutation: You have sharp toenails. [potion of
                  | mutation]
  4732 | Bailey   | Gained mutation: You have a pair of large horns on your
                  | head. [potion of mutation]
  4732 | Bailey   | Gained mutation: You expend magic power (3 MP) to
                  | strengthen your wands. [potion of mutation]
  4732 | Bailey   | Gained mutation: Your system is resistant to poisons.
                  | (rPois) [potion of mutation]
  5253 | Bailey   | Reached skill level 10 in Unarmed Combat
  5426 | Bailey   | Noticed an orc knight
  5629 | Bailey   | Noticed an orc knight
  5649 | Bailey   | Killed an orc knight
  5650 | Bailey   | Reached skill level 11 in Unarmed Combat
  5726 | Bailey   | Killed an orc knight
  5726 | Bailey   | Reached **** piety under Okawaru
  5727 | Bailey   | Reached XP level 10. HP: 87/91 MP: 10/12
  5750 | D:7      | Reached skill level 10 in Invocations
  5750 | D:7      | Reached XP level 11. HP: 97/97 MP: 12/18
  5824 | D:7      | Noticed Menkaure
  5836 | D:7      | Killed Menkaure
  5975 | D:7      | Noticed Joseph
  5988 | D:7      | Killed Joseph
  6065 | D:7      | Found a hazy altar of Hepliaklqana.
  6377 | D:7      | Noticed Maggie
  6387 | D:7      | Killed Maggie
  6807 | D:8      | Noticed Prince Ribbit
  6822 | D:8      | Killed Prince Ribbit
  6888 | D:8      | Noticed Erica
  6904 | D:8      | Killed Erica
  6904 | D:8      | Reached ***** piety under Okawaru
  7261 | D:8      | Identified the +0 leather armour of Hysteria {Harm rF+
                  | Stlth+}
  7318 | D:8      | Noticed Maurice
  7323 | D:8      | Reached skill level 10 in Fighting
  7336 | D:8      | Killed Maurice
  7337 | D:8      | Reached skill level 12 in Unarmed Combat
  7818 | D:9      | Noticed Psyche
  7832 | D:8      | Noticed a two-headed ogre
  7839 | D:9      | Killed Psyche
  7839 | D:9      | Identified the +0 chain mail of Fortification {rN+++ rCorr
                  | Str-5 Int+3} (Okawaru gifted it to you on level 9 of the
                  | Dungeon)
  7839 | D:9      | Received a gift from Okawaru
  7857 | D:9      | Identified the +2 spear of Ruination {speed, *Rage rC++
                  | rCorr SInv}
  8155 | D:9      | Found a sacrificial altar of Ru.
  8158 | D:9      | Found a glowing golden altar of the Shining One.
  8175 | D:9      | Found a staircase to the Lair.
  8388 | D:9      | Noticed Pikel
  8425 | D:9      | Killed Pikel
  8492 | D:9      | Reached skill level 13 in Unarmed Combat
  8743 | D:10     | Entered Level 10 of the Dungeon
  8776 | D:10     | Found a staircase to the Orcish Mines.
  9219 | D:10     | Reached skill level 1 in Dodging
  9422 | D:10     | Reached XP level 12. HP: 88/110 MP: 19/19
 10611 | Lair:1   | Entered Level 1 of the Lair of Beasts
 11074 | Lair:1   | Reached skill level 10 in Armour
 12219 | Lair:2   | Found a staircase to the Snake Pit.
 12681 | Lair:3   | Noticed Sonja
 12691 | Lair:3   | Sonja changed into Sonja the basilisk
 12691 | Lair:3   | Noticed Sonja
 12696 | Lair:3   | Killed Sonja the basilisk
 12697 | Lair:3   | Reached skill level 10 in Shields
 13121 | Lair:3   | Reached skill level 14 in Unarmed Combat
 13208 | Lair:3   | Reached ****** piety under Okawaru
 13208 | Lair:3   | Identified the +5 shortbow of Plunder {freeze, Fragile Fly
                  | rF+ Dex+3} (Okawaru gifted it to you on level 3 of the Lair
                  | of Beasts)
 13208 | Lair:3   | Received a gift from Okawaru
 13209 | Lair:3   | Reached skill level 1 in Evocations
 13515 | Lair:3   | Found a staircase to the Swamp.
 13919 | Lair:3   | Reached XP level 13. HP: 106/119 MP: 20/20
 14319 | Lair:4   | Found a staircase to the Slime Pits.
 14319 | Lair:4   | Found a viscous altar of Jiyva.
 14992 | Lair:4   | Received a gift from Okawaru
 14992 | Lair:4   | Found the +7 Spriggan's Knife {stab, EV+4 Stlth+}
 15406 | Lair:5   | Entered Level 5 of the Lair of Beasts
 15614 | Lair:5   | Noticed Querens's ghost (journeyman FoFi)
 15799 | Lair:5   | Found a transporter.
 15803 | Lair:5   | Found a transporter.
 15856 | Lair:5   | Reached skill level 15 in Unarmed Combat
 15894 | Lair:5   | Received a gift from Okawaru
 16132 | Lair:5   | Received a gift from Okawaru
 16144 | Lair:5   | HP: 6/124 [death yak (18)]
 16627 | Lair:5   | Identified the scarf "Vaqar" {harm, rPois Dex+3} (Okawaru
                  | gifted it to you on level 5 of the Lair of Beasts)
 16627 | Lair:5   | Received a gift from Okawaru
 16759 | Abyss:2  | Cast into level 2 of the Abyss (spriggan)
 16856 | Abyss:2  | Reached XP level 14. HP: 66/132 MP: 21/21
 17064 | Abyss:2  | Noticed a purple draconian shifter
 17078 | Abyss:2  | Killed a purple draconian shifter
 17080 | Abyss:2  | Noticed a tentacled starspawn
 17090 | Abyss:2  | Noticed a tentacled starspawn
 17112 | Abyss:2  | HP: 5/132 [raiju/living lightning (7)]
 17129 | Abyss:2  | Killed a tentacled starspawn
 17147 | Abyss:2  | HP: 5/132 [tentacled starspawn (20)]
 17153 | Abyss:2  | Killed a tentacled starspawn
 17156 | Lair:5   | Escaped the Abyss
 18356 | Lair:5   | Identified the +1 cloak of Charred Tender Moments {+Blink
                  | rPois Dex-3} (Okawaru gifted it to you on level 5 of the
                  | Lair of Beasts)
 18356 | Lair:5   | Received a gift from Okawaru
 18372 | Lair:5   | Splashed by a brown ugly thing's acid

Illustrated notes

Levels and vault maps discovered:
D:1:      minmay_arrival_diagonal_passages, layout_loops_cross
D:2:      layout_loops_cross, basic_altar, minmay_tall_x, uniq_robin,
          uniq_jessica, uniq_natasha
D:3:      layout_basic, serial_shops, nicolae_shop_waterfront
D:4:      layout_cave_pools, minmay_temple_entry_slanted, serial_column_ruins,
          column_ruins_open_tiny, column_ruins_open_medium,
          column_ruins_columns_water, column_ruins_grid_4,
          column_ruins_corridor_straight
D:5:      layout_cave_pools, serial_shops, shop
D:6:      layout_basic, cheibrodos_sewer_entry_drain
D:7:      layout_loops_ring, xom_confusion_cloud,
          mainiacjoe_overflow_cross_hatched, enter_bailey_2, uniq_maggie,
          uniq_joseph, uniq_menkaure
D:8:      layout_cave_pods, trog_butcher_becter, zin_angel,
          lightli_corner_chamber, uniq_erica, uniq_maurice, uniq_prince_ribbit1
D:9:      layout_long_grid, nicolae_overflow_squiral, erik_lair_island,
          uniq_psyche, uniq_pikel
D:10:     layout_roguey, kennysheep_orc_monster_closet_entryway
Temple:   nicolae_temple_x_marks_the_god
Lair:1:   layout_layer_cave, serial_bayou_shore_a, infiniplex_staircase_pool_2
Lair:2:   layout_gridlike, nicolae_snake_entry_squirm
Lair:3:   layout_cave_pods, minmay_swamp_entry_wisps, minmay_lindwurm_lava,
          uniq_sonja
Lair:4:   layout_loops_ring, slime_entry_1, special_room
          [special_room_mythical_zoo]
Lair:5:   hellmonk_lair_end_abyssal_woods, layout_gridlike,
          gammafunk_ghost_hive, pdpol_lair_neglected_garden

Skill      XL: |  1  2  3  4  5  6  7  8  9 10 11 12 13 14 |
---------------+-------------------------------------------+-----
Armour         | 4 5 6 7 8 11 13 14 | 14.2
Shields        | 4 5 7 10 12 13 | 13.4
Fighting       | 4 5 7 9 11 12 14 | 14.2
Unarmed Combat | 3 4 6 8 9 11 13 14 15 | 15.8
Invocations    | 4 10 11 | 11.0
Dodging        | 1 2 |  2.0
Evocations     | 3 4 |  4.0

Action                     |  1- 3 |  4- 6 |  7- 9 | 10-12 | 13-15 || total
---------------------------+-------+-------+-------+-------+-------++-------
  Melee: Unarmed           |    98 |   157 |   281 |   633 |   589 ||  1758
         Headbutt          |    12 |    25 |    50 |   141 |   176 ||   404
 Invoke: Heroism           |       |       |       |       |     1 ||     1
  Evoke: Wand              |       |     2 |     7 |     8 |     1 ||    18
    Use: Potion            |     1 |       |     8 |     4 |    16 ||    29
         Scroll            |       |     3 |     5 |       |     6 ||    14
 Armour: Scale mail        |    36 |     3 |       |       |       ||    39
         Plate armour      |       |    67 |   176 |   351 |   287 ||   881
         Skin              |       |       |     7 |       |       ||     7
  Dodge: Dodged            |    40 |    50 |    92 |   166 |   150 ||   498
  Block: Buckler           |    33 |    29 |    73 |   169 |   146 ||   450

Table legend: (Time is in decaauts)
 A = Elapsed time spent in this place.
 B = Non-inter-level travel time spent in this place.
 C = Inter-level travel time spent in this place.
 D = Time resting spent in this place.
 E = Time spent auto-exploring this place.
 F = Levels seen in this place.
 G = Mean time per level.
                   A        B        C        D        E       F      G
               +--------+--------+--------+--------+--------+-----+--------+
         Total |  18141 |  17731 |    410 |   4118 |   7127 |  19 |  954.8 |
       Dungeon |   9229 |   8959 |    270 |   1658 |   3806 |  10 |  922.9 |
        Temple |     69 |     52 |     17 |      0 |     46 |   1 |   69.0 |
          Lair |   7182 |   7060 |    122 |   1763 |   3126 |   5 | 1436.4 |
         Abyss |    383 |    383 |      0 |    215 |      0 |   1 |  383.0 |
         Sewer |    244 |    244 |      0 |      0 |    104 |   1 |  244.0 |
        Bailey |   1032 |   1032 |      0 |    481 |     44 |   1 | 1032.0 |
               +--------+--------+--------+--------+--------+-----+--------+

Top non-repeatable levels by time:
     D:9: 2359 daAuts
  Lair:5: 2102 daAuts
  Lair:3: 1573 daAuts
  Lair:4: 1489 daAuts
     D:7: 1339 daAuts
  Lair:1: 1047 daAuts
  Bailey: 1032 daAuts
  Lair:2: 969 daAuts
     D:2: 808 daAuts
    D:10: 791 daAuts
     D:3: 731 daAuts
     D:6: 705 daAuts
     D:1: 675 daAuts
     D:4: 645 daAuts
     D:8: 616 daAuts
